 Dungeon Crawl Stone Soup version 0.27-a0-1529-g1e82c303ef (webtiles) character file.

Game seed: 12655455300377872582

51 Sin92 the Covered (level 3, -3/33 HPs)
             Began as a Minotaur Fighter on July 12, 2021.
             Killed by nerve-wracking pain
             ... invoked by Grinder
              (11 damage)
             ... on level 3 of the Dungeon.
             The game lasted 00:01:48 (1911 turns).

Sin92 the Covered (Minotaur Fighter)                Turns: 1911, Time: 00:01:49

Health: -3/33      AC:  9    Str: 21    XL:     3   Next: 58%
Magic:  2/2        EV:  5    Int:  5    God:
Gold:   105        SH:  9    Dex:  9    Spells: 2/2 levels left

rFire    . . .     SeeInvis .   a - +0 war axe
rCold    . . .     Faith    .   c - +0 kite shield
rNeg     . . .     Spirit   .   h - +0 chain mail
rPois    .         Reflect  .   (helmet restricted)
rElec    .         Harm     .   (no cloak)
rCorr    .         Rampage  .   (no gloves)
Will     .....                  (no boots)
Stlth    ..........             (no amulet)
HPRegen  0.11/turn              e - ring of flight
MPRegen  0.08/turn              (no ring)

@: flying
A: horns 2, retaliatory headbutt
a: no special abilities


You were on level 3 of the Dungeon.
You visited 1 branch of the dungeon, and saw 3 of its levels.

You collected 105 gold pieces.

Inventory:

Hand Weapons
 a - a +0 war axe (weapon)
Armour
 b - a +0 scale mail
 c - a +0 kite shield (worn)
 h - a +0 chain mail (worn)
Jewellery
 e - a ring of flight (left hand)
Potions
 d - 2 potions of might


   Skills:
 + Level 3.9 Fighting
 * Level 3.5 Axes
 + Level 4.0 Armour
 + Level 1.1 Dodging
 + Level 4.0 Shields


You had 2 spell levels left.
You didn't know any spells.
Your spell library contained the following spells:

 Spells                   Type           Power      Damage    Failure   Level
 Ozocubu's Armour         Ice            0%         N/A       100%        3
 Animate Dead             Necr           0%         N/A       100%        4
 Metabolic Englaciation   Hex/Ice        0%         N/A       100%        5
 Simulacrum               Ice/Necr       0%         N/A       100%        6
 Haunt                    Necr/Summ      0%         N/A       100%        7
 Infestation              Necr           0%         N/A       100%        8


Dungeon Overview and Level Annotations

Branches:
Dungeon (3/15)

Altars:

Shops:
D:2 =

Annotations:
D:3 Grinder, Sigmund


Innate Abilities, Weirdness & Mutations

You have a pair of horns on your head.
You reflexively headbutt those who attack you in melee.


Message History

It is a scroll of amnesia.
You feel forgetful for a moment.
You aren't carrying any scrolls.
Okay, then.
Done exploring.
No target in view!
Done exploring.
No target in view!
Done exploring.
There is a stone staircase leading down here.
You fly downwards.
A bat, a worm, a kobold and Sigmund come into view.
Sigmund shouts!
The kobold shouts!
Found a ring mail.
Found a stone staircase leading down.
There is a stone staircase leading up here.
You fly upwards.
There is a stone staircase leading down here.
Press: ? - help, v - describe, . - travel A stone staircase leading down.
There is a stone staircase leading down here.
You fly downwards.
Level annotation: Sigmund
Found a stone staircase leading down.
There is a stone staircase leading up here.
Grinder comes into view.
She is carrying a wand of flame (17).
Grinder shouts!
Grinder zaps a wand.
The puff of flame hits you.
Grinder blinks!
Unknown command.
Grinder is nearby!
Grinder hits you.
You writhe in agony.
Unknown command.
Grinder is nearby!
You completely miss Grinder. Your headbutt misses Grinder.
Grinder gestures at you. Pain shoots through your body!
* * * LOW HITPOINT WARNING * * *
Grinder gestures at you. Pain shoots through your body!
You die...

.## #...#
..ยง##
....#
....##
###....#
#......#
#5@...#
###...#
#...##
###...#
#....##
####.##.#
#.......#
#...<...#
#.........#


You could see Grinder.

Vanquished Creatures
  A worm (D:2)
  3 dart slugs (D:1)
  5 ball pythons
  7 bats
  3 endoplasms
  3 giant cockroaches (D:1)
  2 goblins
  4 hobgoblins
  A kobold (D:2)
  4 frilled lizards
  8 rats
41 creatures vanquished.

Vanquished Creatures (others)
  2 fungi (D:1)
2 creatures vanquished.

Grand Total: 43 creatures vanquished

Notes
Turn   | Place    | Note
-------+----------+-------------------------------------------
     0 | D:1      | Sin92 the Minotaur Fighter began the quest for the Orb.
     0 | D:1      | Reached XP level 1. HP: 19/19 MP: 0/0
   233 | D:1      | Reached XP level 2. HP: 27/27 MP: 1/1
   637 | D:1      | Found a faded altar of an unknown god.
   716 | D:1      | Reached XP level 3. HP: 33/33 MP: 2/2
  1074 | D:2      | Reached skill level 1 in Dodging
  1240 | D:2      | Found Jekarghau's Jewellery Boutique.
  1888 | D:3      | Noticed Sigmund
  1908 | D:3      | Noticed Grinder
  1911 | D:3      | Killed from afar by Grinder

Illustrated notes

Levels and vault maps discovered:
D:1:      dpeg_arrival_prison, layout_basic,
          shapermc_ecumenical_altar_mp_vishouse
D:2:      layout_loops_corners, serial_shops, shop,
          corexii_item_surrounded_by_moat, minmay_box_of_dots
D:3:      layout_rooms, st_stairs_10, minmay_door_square, minmay_misc_feat_x,
          minivault_5, hangedman_decor_slide_cut,
          minmay_fractal_squares_diagonal_5, uniq_sigmund, uniq_grinder

Skill      XL: |  1  2  3 |
---------------+----------+-----
Axes           | 3 |  3.5
Armour         | 4 |  4.0
Shields        | 4 |  4.0
Dodging        | 1 |  1.1
Fighting       | |  3.9

Action                   || total
-------------------------++-------
Melee: War axe           ||    76
       Headbutt          ||     9
  Use: Scroll            ||     3
Armor: Scale mail        ||    23
Dodge: Dodged            ||    25
Block: Kite shield       ||    38

Table legend: (Time is in decaauts)
 A = Elapsed time spent in this place.
 B = Non-inter-level travel time spent in this place.
 C = Inter-level travel time spent in this place.
 D = Time resting spent in this place.
 E = Time spent auto-exploring this place.
 F = Levels seen in this place.
 G = Mean time per level.
                   A        B        C        D        E       F      G
               +--------+--------+--------+--------+--------+-----+--------+
         Total |   1953 |   1827 |    126 |      0 |   1589 |   3 |  651.0 |
       Dungeon |   1953 |   1827 |    126 |      0 |   1589 |   3 |  651.0 |
               +--------+--------+--------+--------+--------+-----+--------+

Top non-repeatable levels by time:
     D:1: 1033 daAuts
     D:2: 909 daAuts
     D:3: 11 daAuts
